TOP OF THE 1ST |
Roy Eagle Squadron batting - Pitching for Santa Clarita Music : RHP John Gill
|
Pitching: RHP John Gill
|
|
Batting: LHB Kelsey Scott
|
0-0: Called Strike 0-1: Ball 1-1: Called Strike 1-2: SINGLE (Groundball, 6M)
|
Batting: SHB Alex Stewart
|
0-0: Called Strike 0-1: Called Strike 0-2: Ball 1-2: Foul Ball, location: 2F 1-2: Strikes out swinging
|
Batting: RHB Tony Hernández
|
0-0: Ball 1-0: Ball 2-0: Foul Ball, location: 2F 2-1: Called Strike 2-2: Ball 3-2: Fly out, F4 (Popup, 34)
|
Batting: RHB Felipe Jareño
|
0-0: Ball Kelsey Scott steals 2nd base 1-0: SINGLE (Flyball, 89S) Kelsey Scott to third Runner from 3rd tries for Home, SAFE, no throw or cutoff
|
Batting: SHB Fernando Borges
|
0-0: Foul Ball, location: 2F 0-1: Foul Ball, location: 2F 0-2: Ball 1-2: Ball 2-2: Fly out, F8 (Line Drive, 8RD)
|
Top of the 1st over - 1 run(s), 2 hit(s), 0 error(s), 1 left on base; Roy 1 - Santa Clarita 0 |
BOTTOM OF THE 1ST |
Santa Clarita Music batting - Pitching for Roy Eagle Squadron : RHP Tony Zamora
|
Pitching: RHP Tony Zamora
|
|
Batting: RHB Art Cameron
|
0-0: Called Strike 0-1: Swinging Strike 0-2: Strikes out swinging
|
Batting: RHB Travis Colbert
|
0-0: Ball 1-0: Fly out, F6 (Popup, 4MD)
|
Batting: LHB Rubén Salazar
|
0-0: Ball 1-0: Ground out 4-3 (Groundball, 4)
|
Bottom of the 1st over - 0 run(s), 0 hit(s), 0 error(s), 0 left on base; Roy 1 - Santa Clarita 0 |
TOP OF THE 2ND |
Roy Eagle Squadron batting - Pitching for Santa Clarita Music : RHP John Gill
|
Batting: RHB José Vidal
|
0-0: Ball 1-0: Foul Ball, location: 2F 1-1: Reached on error, E5 (Groundball, 5S)
|
Batting: RHB Ken Miller
|
0-0: Foul Ball, location: 2F 0-1: Ball 1-1: Called Strike 1-2: Strikes out swinging
|
Batting: RHB Ben Ware
|
0-0: Ball 1-0: Ball 2-0: Called Strike 2-1: Ground out 6-3 (Groundball, 6M) José Vidal to third
|
Batting: RHB Oliver Sánchez
|
0-0: Called Strike 0-1: Ball 1-1: Foul Ball, location: 2F 1-2: Foul Ball, location: 2F 1-2: Foul Ball, location: 2F 1-2: Fly out, F7 (Line Drive, 7S)
|
Top of the 2nd over - 0 run(s), 0 hit(s), 1 error(s), 1 left on base; Roy 1 - Santa Clarita 0 |
BOTTOM OF THE 2ND |
Santa Clarita Music batting - Pitching for Roy Eagle Squadron : RHP Tony Zamora
|
Batting: RHB António Martínez
|
0-0: Foul Ball, location: 2F 0-1: Swinging Strike 0-2: Strikes out looking
|
Batting: RHB Rickey Núñez
|
0-0: Called Strike 0-1: Foul Ball, location: 2F 0-2: Ball 1-2: Fly out, F5 (Popup, 25)
|
Batting: RHB Adam Gentry
|
0-0: Ground out 1-3 (Groundball, 13)
|
Bottom of the 2nd over - 0 run(s), 0 hit(s), 0 error(s), 0 left on base; Roy 1 - Santa Clarita 0 |
TOP OF THE 3RD |
Roy Eagle Squadron batting - Pitching for Santa Clarita Music : RHP John Gill
|
Batting: LHB Kelsey Scott
|
0-0: Ball 1-0: Fly out, F7 (Flyball, 78M)
|
Batting: SHB Alex Stewart
|
0-0: Ball 1-0: SINGLE (Line Drive, 8LS)
|
Batting: RHB Tony Hernández
|
0-0: Ball 1-0: Foul Ball, location: 2F 1-1: Foul Ball, location: 2F 1-2: Foul Ball, location: 2F 1-2: Ball 2-2: SINGLE (Groundball, 6) Alex Stewart to second
|
Batting: RHB Felipe Jareño
|
0-0: Foul Ball, location: 2F 0-1: Foul Ball, location: 2F 0-2: Ball 1-2: Foul Ball, location: 2F 1-2: Ball 2-2: Fielders Choice at 2nd, 1-4 (Groundball, 23) Alex Stewart to third
|
Batting: SHB Fernando Borges
|
0-0: Fly out, F9 (Flyball, 89M)
|
Top of the 3rd over - 0 run(s), 2 hit(s), 0 error(s), 2 left on base; Roy 1 - Santa Clarita 0 |
BOTTOM OF THE 3RD |
Santa Clarita Music batting - Pitching for Roy Eagle Squadron : RHP Tony Zamora
|
Batting: RHB Joe Wiggs
|
0-0: Ball 1-0: Ground out 5-3 (Groundball, 5)
|
Batting: RHB Justin Geoghegan
|
0-0: SINGLE (Groundball, 4MD)
|
Batting: RHB Jake Belcher
|
0-0: Fly out, F9 (Flyball, 9M)
|
Batting: RHB Art Cameron
|
0-0: Called Strike 0-1: Ball 1-1: Swinging Strike 1-2: Foul Ball, location: 2F 1-2: Ball 2-2: Ball Passed Ball! Justin Geoghegan to second 3-2: Base on Balls
|
Batting: RHB Travis Colbert
|
0-0: SINGLE (Flyball, 9LS) Justin Geoghegan to third Art Cameron to second
|
Batting: LHB Rubén Salazar
|
0-0: Called Strike 0-1: Ground out U3 (Groundball, 3)
|
Bottom of the 3rd over - 0 run(s), 2 hit(s), 0 error(s), 3 left on base; Roy 1 - Santa Clarita 0 |
TOP OF THE 4TH |
Roy Eagle Squadron batting - Pitching for Santa Clarita Music : RHP John Gill
|
Batting: RHB José Vidal
|
0-0: Called Strike 0-1: Foul Ball, location: 2F 0-2: Fly out, F7 (Line Drive, 7S)
|
Batting: RHB Ken Miller
|
0-0: Called Strike 0-1: Swinging Strike 0-2: Ball 1-2: Ball 2-2: Ball 3-2: Strikes out swinging
|
Batting: RHB Ben Ware
|
0-0: Foul Ball, location: 2F 0-1: Ball 1-1: Fly out, F3 (Popup, 3DF)
|
Top of the 4th over - 0 run(s), 0 hit(s), 0 error(s), 0 left on base; Roy 1 - Santa Clarita 0 |
BOTTOM OF THE 4TH |
Santa Clarita Music batting - Pitching for Roy Eagle Squadron : RHP Tony Zamora
|
Batting: RHB António Martínez
|
0-0: Called Strike 0-1: Ball 1-1: Ball 2-1: Ball 3-1: Base on Balls
|
Batting: RHB Rickey Núñez
|
0-0: Fly out, F8 (Flyball, 89D)
|
Batting: RHB Adam Gentry
|
0-0: DOUBLE (Line Drive, 8LM) António Martínez to third
|
Batting: RHB Joe Wiggs
|
0-0: Ground out 5-3 (Groundball, 5)
|
Batting: RHB Justin Geoghegan
|
0-0: Ball 1-0: Ball 2-0: Ball 3-0: Called Strike 3-1: Base on Balls
|
Batting: RHB Jake Belcher
|
0-0: Foul Ball, location: 2F 0-1: Ball 1-1: Foul Ball, location: 2F 1-2: Fly out, F7 (Line Drive, 78M)
|
Bottom of the 4th over - 0 run(s), 1 hit(s), 0 error(s), 3 left on base; Roy 1 - Santa Clarita 0 |
TOP OF THE 5TH |
Roy Eagle Squadron batting - Pitching for Santa Clarita Music : RHP John Gill
|
Batting: RHB Oliver Sánchez
|
0-0: Ground out 2-3 (Groundball, 23)
|
Batting: LHB Kelsey Scott
|
0-0: Ball 1-0: Ball 2-0: SINGLE (Line Drive, 6D)
|
Batting: SHB Alex Stewart
|
0-0: Ball 1-0: Called Strike Kelsey Scott steals 2nd base 1-1: Swinging Strike 1-2: Strikes out swinging
|
Batting: RHB Tony Hernández
|
0-0: Ball 1-0: Ball 2-0: Ball 3-0: Called Strike 3-1: Base on Balls
|
Pitching: LHP Jorge Gatán
|
|
Batting: RHB Felipe Jareño
|
0-0: Called Strike 0-1: Ball 1-1: Called Strike 1-2: Ball 2-2: Ball 3-2: SINGLE (Groundball, 6MD) Kelsey Scott to third Tony Hernández to second Kelsey Scott scores Tony Hernández to third
|
Batting: SHB Fernando Borges
|
0-0: Fly out, F9 (Flyball, 9LS)
|
Top of the 5th over - 1 run(s), 2 hit(s), 0 error(s), 2 left on base; Roy 2 - Santa Clarita 0 |
BOTTOM OF THE 5TH |
Santa Clarita Music batting - Pitching for Roy Eagle Squadron : RHP Tony Zamora
|
Batting: RHB Art Cameron
|
0-0: Foul Ball, location: 2F 0-1: Ball 1-1: Hit by Pitch
|
Batting: RHB Travis Colbert
|
0-0: Ball Art Cameron is caught stealing 2nd base 1-0: Called Strike 1-1: Swinging Strike 1-2: Strikes out looking
|
Batting: LHB Rubén Salazar
|
0-0: SINGLE (Line Drive, 4D)
|
Batting: RHB António Martínez
|
0-0: Called Strike 0-1: Ball Wild Pitch! Rubén Salazar to second 1-1: Foul Ball, location: 2F 1-2: Foul Ball, location: 2F 1-2: Foul Ball, location: 2F 1-2: Ground out 4-3 (Groundball, 4M)
|
Bottom of the 5th over - 0 run(s), 1 hit(s), 0 error(s), 1 left on base; Roy 2 - Santa Clarita 0 |
TOP OF THE 6TH |
Roy Eagle Squadron batting - Pitching for Santa Clarita Music : LHP Jorge Gatán
|
Batting: RHB José Vidal
|
0-0: Fly out, F8 (Line Drive, 8LM)
|
Batting: RHB Ken Miller
|
0-0: Called Strike 0-1: Foul Ball, location: 2F 0-2: Strikes out swinging
|
Batting: RHB Ben Ware
|
0-0: Ball 1-0: Ball 2-0: Called Strike 2-1: Called Strike 2-2: Strikes out looking
|
Top of the 6th over - 0 run(s), 0 hit(s), 0 error(s), 0 left on base; Roy 2 - Santa Clarita 0 |
BOTTOM OF THE 6TH |
Santa Clarita Music batting - Pitching for Roy Eagle Squadron : RHP Tony Zamora
|
Batting: RHB Rickey Núñez
|
0-0: Called Strike 0-1: SINGLE (Groundball, 6MD)
|
Batting: RHB Adam Gentry
|
0-0: Ball Rickey Núñez steals 2nd base 1-0: Called Strike 1-1: Foul Ball, location: 2F 1-2: Ball 2-2: Ground out 4-3 (Groundball, 4) Rickey Núñez to third
|
Batting: RHB Joe Wiggs
|
0-0: Ball 1-0: Ball 2-0: Called Strike 2-1: Foul Ball, location: 2F 2-2: Fly out, F9 (Line Drive, 89S)
|
Batting: RHB Justin Geoghegan
|
0-0: Called Strike 0-1: Ball 1-1: SINGLE (Line Drive, 89M) Rickey Núñez scores
|
Batting: RHB Jake Belcher
|
0-0: Ground out 1-3 (Groundball, 13S)
|
Bottom of the 6th over - 1 run(s), 2 hit(s), 0 error(s), 1 left on base; Roy 2 - Santa Clarita 1 |
TOP OF THE 7TH |
Roy Eagle Squadron batting - Pitching for Santa Clarita Music : LHP Jorge Gatán
|
Batting: RHB Oliver Sánchez
|
0-0: Ball 1-0: Called Strike 1-1: Foul Ball, location: 2F 1-2: Fly out, F4 (Popup, 4)
|
Batting: LHB Kelsey Scott
|
0-0: Foul Ball, location: 2F 0-1: Ball 1-1: Swinging Strike 1-2: Strikes out swinging
|
Batting: SHB Alex Stewart
|
0-0: Ball 1-0: Ground out 4-3 (Groundball, 4M)
|
Top of the 7th over - 0 run(s), 0 hit(s), 0 error(s), 0 left on base; Roy 2 - Santa Clarita 1 |
BOTTOM OF THE 7TH |
Santa Clarita Music batting - Pitching for Roy Eagle Squadron : RHP Tony Zamora
|
Batting: RHB Art Cameron
|
0-0: Ball 1-0: Called Strike 1-1: Swinging Strike 1-2: Ball 2-2: Strikes out swinging
|
Pitching: RHP José Rivera
|
|
Batting: RHB Travis Colbert
|
0-0: Ground out 6-3 (Groundball, 6M)
|
Batting: LHB Rubén Salazar
|
0-0: Ball 1-0: Called Strike 1-1: Called Strike 1-2: Ball 2-2: Strikes out swinging
|
Bottom of the 7th over - 0 run(s), 0 hit(s), 0 error(s), 0 left on base; Roy 2 - Santa Clarita 1 |
TOP OF THE 8TH |
Roy Eagle Squadron batting - Pitching for Santa Clarita Music : LHP Jorge Gatán
|
Pitching: RHP César Amaya
|
|
Batting: RHB Tony Hernández
|
0-0: Fly out, F4 (Popup, 4D)
|
Batting: RHB Felipe Jareño
|
0-0: Ball 1-0: SINGLE (Line Drive, 56)
|
Batting: SHB Fernando Borges
|
0-0: Foul Ball, location: 2F 0-1: Ball 1-1: Called Strike 1-2: Foul Ball, location: 2F 1-2: Strikes out looking
|
Pinch Hitting: SHB Júlio Romano
|
0-0: Ball 1-0: SINGLE (Line Drive, 89S) Felipe Jareño to second
|
Pinch Hitting: LHB Carlos Valentín
|
0-0: Foul Ball, location: 2F 0-1: Ground out U3 (Groundball, 3S)
|
Top of the 8th over - 0 run(s), 2 hit(s), 0 error(s), 2 left on base; Roy 2 - Santa Clarita 1 |
BOTTOM OF THE 8TH |
Santa Clarita Music batting - Pitching for Roy Eagle Squadron : RHP José Rivera
|
Now at 3B: Júlio Romano
|
|
Now in CF: Albert Valancía
|
|
Batting: RHB António Martínez
|
0-0: Called Strike 0-1: Ground out 6-3 (Groundball, 6M)
|
Batting: RHB Rickey Núñez
|
0-0: Ground out 6-3 (Groundball, 6)
|
Batting: RHB Adam Gentry
|
0-0: Called Strike 0-1: Ball 1-1: Foul Ball, location: 2F 1-2: Strikes out looking
|
Bottom of the 8th over - 0 run(s), 0 hit(s), 0 error(s), 0 left on base; Roy 2 - Santa Clarita 1 |
TOP OF THE 9TH |
Roy Eagle Squadron batting - Pitching for Santa Clarita Music : RHP César Amaya
|
Batting: RHB Ben Ware
|
0-0: DOUBLE (Flyball, 7LS)
|
Pinch Hitting: SHB Eduardo Sánchez
|
0-0: Foul Ball, location: 2F 0-1: Ground out 6-3 (Groundball, 6)
|
Batting: LHB Kelsey Scott
|
0-0: Intentional Walk
|
Pinch Hitting: LHB Alarico Sloet tot Everlo
|
0-0: Ball Ben Ware is caught stealing 3rd base Kelsey Scott to second 1-0: Fly out, F8 (Flyball, 8RS)
|
Top of the 9th over - 0 run(s), 1 hit(s), 0 error(s), 1 left on base; Roy 2 - Santa Clarita 1 |
BOTTOM OF THE 9TH |
Santa Clarita Music batting - Pitching for Roy Eagle Squadron : RHP José Rivera
|
Pitching: LHP Bob Pitchforth
|
|
Now at 1B: Eduardo Sánchez
|
|
Now in LF: Dan Ross
|
|
Now in RF: Jorge Álvarez
|
|
Pinch Hitting: RHB Steve Burton
|
0-0: Called Strike 0-1: Swinging Strike 0-2: Strikes out swinging
|
Batting: RHB Justin Geoghegan
|
0-0: Called Strike 0-1: SINGLE (Groundball, 56)
|
Pinch Hitting: RHB Ricardo González
|
0-0: Ball 1-0: Fly out, F9 (Flyball, 9M)
|
Batting: RHB Art Cameron
|
0-0: Ball 1-0: Ball 2-0: Swinging Strike 2-1: Called Strike 2-2: Strikes out swinging
|
Bottom of the 9th over - 0 run(s), 1 hit(s), 0 error(s), 1 left on base; Roy 2 - Santa Clarita 1 |
|